 Dungeon Crawl Stone Soup version 0.20.1-1-g8b1a95d (webtiles) character file.

2032 Energizer the Slasher (level 9, -17/69 HPs)
             Began as a Demonspawn Chaos Knight on July 22, 2017.
             Demolished by Grinder the sun demon (23 damage)
             ... on level 6 of the Dungeon.
             The game lasted 00:19:33 (7047 turns).

Energizer the Slasher (Demonspawn Chaos Knight)     Turns: 7047, Time: 00:19:34

Health: -17/69     AC:  7    Str: 15    XL:     9   Next: 3%
Magic:  0/9        EV: 13    Int: 14    God:    Xom [*.....]
Gold:   171        SH:  0    Dex: 13    Spells: 8/8 levels left

rFire    . . .     SeeInvis .   o - +0 falchion
rCold    . . .     Gourm    .   (no shield)
rNeg     . . .     Faith    .   b - +2 leather armour
rPois    .         Spirit   +   (no helmet)
rElec    .         Reflect  .   (no cloak)
rCorr    .         Harm     .   (no gloves)
MR       .....                  (no boots)
Stlth    +.........             (no amulet)
Regen    0.3/turn               (no ring)
MPRegen  0.3/turn               (no ring)

@: lethally poisoned (-17 -> -24), drained
A: icy blue scales 1, spiny 1, magic shield, magic regeneration
a: Renounce Religion


You were on level 6 of the Dungeon.
You worshipped Xom.
You were a special plaything of Xom.
You were not hungry.

You visited 1 branch of the dungeon, and saw 7 of its levels.

You collected 340 gold pieces.
You spent 169 gold pieces at shops.

Inventory:

Hand Weapons
 a - a +0 falchion of chaos
 o - a +0 falchion (weapon)
Armour
 b - a +2 leather armour (worn)
 F - the +1 chain mail of Utwut {+Fly MR- Str+2 Int+2}
   (You found it on level 7 of the Dungeon)

   It affects your strength (+2).
   It affects your intelligence (+2).
   It affects your resistance to hostile enchantments.
   It lets you fly.
 H - a scarf of cloud immunity
Jewellery
 i - an uncursed ring of resist corrosion {unknown}
 r - an uncursed ring of protection from magic {unknown}
 B - a cursed ring of teleportation {unknown}
Wands
 w - a wand of flame (2/48)
 C - a wand of enslavement (15/24)
Scrolls
 d - a scroll of blinking {unknown}
 e - 2 scrolls of recharging {unknown}
 f - 4 scrolls of enchant armour {unknown}
 g - 9 scrolls of identify
 h - 3 scrolls of fog {unknown}
 n - 4 scrolls of teleportation {unknown}
 q - 4 scrolls of remove curse {unknown}
 t - 2 scrolls of random uselessness {unknown}
 u - a scroll of noise {unknown}
 x - 5 scrolls of enchant weapon {unknown}
Potions
 j - 2 potions of cancellation {unknown}
 k - a potion of heal wounds
 m - a potion of lignification {unknown}
 p - a potion of magic {unknown}
 v - 2 potions of haste {unknown}
 z - 5 potions of curing
 A - 2 potions of degeneration {unknown}
 D - a potion of agility {unknown}
 G - 2 potions of flight {unknown}
 I - a potion of ambrosia
Books
 y - a book of Conjurations

   Spells                             Type                      Level
   a - Magic Dart                     Conjuration                  1
   b - Searing Ray                    Conjuration                  2
   c - Dazzling Spray                 Conjuration/Hexes            3
   d - Fulminant Prism                Conjuration/Hexes            4
   e - Force Lance                    Conjuration/Translocation    4
   f - Iskenderun's Mystic Blast      Conjuration                  4
Comestibles
 c - 5 bread rations
 l - 7 meat rations
 s - 4 royal jellies


   Skills:
 + Level 6.2(5.5) Fighting
 * Level 7.4(6.7) Long Blades
 + Level 5.1(4.4) Armour
 + Level 4.5(3.9) Dodging


You had 8 spell levels left.
You didn't know any spells.

Dungeon Overview and Level Annotations

Branches:
Dungeon (7/15)
 Temple: D:4-7

Altars:
Cheibriados
Dithmenos
Gozag
Makhleb
Ru
Sif Muna
Xom

Shops:
D:7 !

Annotations:
D:6 Grinder, Prince Ribbit


Innate Abilities, Weirdness & Mutations

You are partially covered in icy blue scales. (AC +2)
You are partially covered in sharp spines.
When hurt, damage is shared between your health and your magic reserves.
You regenerate magic rapidly.


Message History

You feel sick. Prince Ribbit is struck by your spines. Prince Ribbit hits you!
* * * LOW HITPOINT WARNING * * *
Prince Ribbit stings you.
* * * LOW HITPOINT WARNING * * *
There is a stone staircase leading up here.
You feel sick. Prince Ribbit hits you!
* * * LOW HITPOINT WARNING * * *
Prince Ribbit stings you.
* * * LOW HITPOINT WARNING * * *
Prince Ribbit misses you.
You riposte.
You barely miss Prince Ribbit.
Prince Ribbit is lightly wounded.
Prince Ribbit barely misses you.
You climb upwards.
Level annotation: Grinder The stone staircase leading down slides away from you right after you climb it!
* * * LOW HITPOINT WARNING * * *
You feel sick. Grinder barely misses you.
You riposte.
You hit Grinder but do no damage. Grinder hits you!!
You die...
Xom titters!

#'###..#.........................
#..##..#.......##'####'##'#######
'..##..#.......#...#............#
#..#####.......#...#...)........'
#......'.....(.'...#............#
#......#.......#...#............#
#......#.......#...#.........(..#
#..##..#########..##'########(###
#..##..##.....##@.#..............
...#...........#y3#..............
...+..........)'..#..............
#####.######'######..............
#####.###.#..........#########...
..........#..........'.......#...
..........#..........#.......#...
.#######..#..........#.......#...
.#.....####.....######...##..#...


You could see Grinder the sun demon and Prince Ribbit the meliai.

Vanquished Creatures
  A spatial vortex (D:6)
  Edmund (D:5)
  A sky beast (D:5)
  An ice beast (D:7)
  A black bear (D:6)
  A phantom (D:4)
  2 ogres
  3 centaurs
  A bullfrog (D:6)
  2 water moccasin skeletons
  A howler monkey (D:6)
  4 crimson imps
  A bullfrog zombie (D:5)
  3 orc priests
  A centaur skeleton (D:5)
  4 hounds
  Ijyb (D:3)
  Terence (D:2)
  3 iguanas
  3 orc wizards
  4 worker ants
  A howler monkey zombie (D:5)
  8 adders
  An ooze (D:4)
  8 worms
  2 dart slugs
  8 leopard geckos
  23 orcs
  3 giant cockroaches
  10 goblins
  8 hobgoblins
  16 jackals
  6 kobolds
  6 quokkas
  8 bats
  8 frilled lizards
  A jackal zombie (D:7)
  4 rats
161 creatures vanquished.

Notes
Turn   | Place    | Note
-------+----------+-------------------------------------------
     0 | D:1      | Energizer the Demonspawn Chaos Knight began the quest for the Orb.
     0 | D:1      | Reached XP level 1. HP: 18/18 MP: 1/1
    39 | D:1      | Reached skill level 1 in Dodging
   156 | D:1      | XOM: mild Ice miscast
   216 | D:1      | Gained mutation: You are partially covered in icy blue scales. (AC +2) [demonic ancestry]
   216 | D:1      | Reached XP level 2. HP: 24/24 MP: 2/2
   332 | D:1      | XOM: silly message
   369 | D:1      | Reached skill level 3 in Long Blades
   558 | D:1      | Gained mutation: You are partially covered in sharp spines. [demonic ancestry]
   558 | D:1      | Reached XP level 3. HP: 27/29 MP: 3/3
   654 | D:2      | XOM: silly message
  1008 | D:2      | Noticed Terence
  1020 | D:2      | Killed Terence
  1020 | D:2      | Reached XP level 4. HP: 30/37 MP: 4/4
  1243 | D:2      | Found a sacrificial altar of Ru.
  1555 | D:3      | Reached XP level 5. HP: 40/42 MP: 5/5
  1560 | D:3      | XOM: silly message
  1635 | D:3      | Reached skill level 4 in Long Blades
  1753 | D:3      | XOM: harmless Pois miscast
  1865 | D:3      | XOM: cast spell 'Summon Butterflies'
  1898 | D:3      | Noticed Ijyb
  1905 | D:3      | XOM: potion effect (heal wounds)
  1924 | D:3      | Killed Ijyb
  2036 | D:3      | XOM: harmless Necr miscast
  2037 | D:3      | XOM: divination: detect creatures
  2358 | D:3      | XOM: divination: detect items
  2461 | D:3      | Found a deep blue altar of Sif Muna.
  2461 | D:3      | Found a snail-covered altar of Cheibriados.
  2536 | D:4      | Gained mutation: When hurt, damage is shared between your health and your magic reserves. [demonic ancestry]
  2536 | D:4      | Reached XP level 6. HP: 37/48 MP: 6/6
  2574 | D:3      | XOM: cast spell 'Summon Butterflies'
  2816 | D:4      | Found a snail-covered altar of Cheibriados.
  2825 | D:4      | XOM: harmless Chrm miscast
  2832 | D:4      | XOM: potion effect (brilliance)
  3155 | D:4      | XOM: silly message
  3196 | D:4      | XOM: harmless Summ miscast
  3334 | D:4      | XOM: potion effect (heal wounds)
  3336 | D:4      | XOM: potion effect (agility)
  3345 | D:3      | Reached skill level 5 in Long Blades
  3358 | D:4      | Reached XP level 7. HP: 54/55 MP: 5/7
  3377 | D:4      | XOM: potion effect (brilliance)
  3626 | D:5      | Entered Level 5 of the Dungeon
  3661 | D:5      | XOM: harmless Fire miscast
  3745 | D:5      | XOM: god gift: scroll labeled OCKEAMN BEXEAW {god gift}
  3754 | D:5      | Reached skill level 5 in Fighting
  4026 | D:5      | Reached skill level 6 in Long Blades
  4241 | D:5      | Reached XP level 8. HP: 62/62 MP: 8/8
  4652 | D:5      | XOM: harmless Conj miscast
  4716 | D:6      | Found a burning altar of Makhleb.
  4717 | D:6      | Noticed a balrug
  4828 | D:6      | Found a shadowy altar of Dithmenos.
  4869 | D:6      | XOM: noise
  4886 | D:6      | XOM: enchant monster (bad)
  4889 | D:6      | XOM: divination: magic mapping
  4924 | D:6      | XOM: 8-stop teleportation journey
  4996 | D:6      | Noticed Edmund
  4997 | D:6      | Noticed Grinder
  5017 | D:5      | XOM: confusion
  5056 | D:6      | Paralysed by Grinder for 5 turns
  5065 | D:6      | Noticed Grinder
  5065 | D:6      | Grinder changed into Grinder the sun demon
  5065 | D:6      | XOM: polymorph Grinder -> Grinder the sun demon
  5267 | D:5      | Killed Edmund
  5363 | D:6      | XOM: mild Summ miscast
  5524 | D:6      | Reached skill level 7 in Long Blades
  5612 | D:6      | XOM: summons 1 hostile demon
  5852 | D:7      | Got a brightly glowing chain mail
  5877 | D:7      | Identified the +1 chain mail of Utwut {+Fly MR- Str+2 Int+2} (You found it on level 7 of the Dungeon)
  5926 | D:7      | Found an opulent altar of Gozag.
  6064 | D:7      | XOM: draining
  6391 | D:7      | Reached skill level 5 in Armour
  6460 | D:7      | Found Botif's Distillery.
  6468 | D:7      | Bought a potion of ambrosia for 104 gold pieces
  6468 | D:7      | Bought a potion of berserk rage for 65 gold pieces
  6493 | D:7      | Noticed Prince Ribbit
  6505 | D:7      | Noticed Prince Ribbit
  6505 | D:7      | Prince Ribbit changed into Prince Ribbit the meliai
  6505 | D:7      | XOM: polymorph Prince Ribbit -> Prince Ribbit the meliai
  6619 | D:7      | XOM: smoke on damage
  6648 | D:6      | Gained mutation: You regenerate magic rapidly. [demonic ancestry]
  6648 | D:6      | Reached XP level 9. HP: 16/69 MP: 0/9
  7008 | D:6      | XOM: harmless Summ miscast
  7034 | D:7      | XOM: repel stairs
  7035 | D:7      | XOM: scenery: create altars
  7047 | D:6      | Demolished by Grinder the sun demon

Skill      XL: |  1  2  3  4  5  6  7  8 |
---------------+-------------------------+-----
Dodging        | 1 2 3 4 |  4.5
Armour         | 2 3 4 5 |  5.1
Long Blades    | 3 4 5 6 7 |  7.4
Fighting       | 4 5 6 |  6.2

Action                   |  1- 3 |  4- 6 |  7- 9 || total
-------------------------+-------+-------+-------++-------
Melee: Falchion          |    92 |   224 |   232 ||   548
Evoke: Wand              |       |       |     6 ||     6
  Use: Potion            |       |       |     3 ||     3
       Scroll            |       |       |     1 ||     1
  Eat: Chunk             |       |     8 |    12 ||    20
Armor: Leather armour    |    42 |    54 |    73 ||   169
Dodge: Dodged            |    65 |   118 |   126 ||   309
       Rpst.: Falchion   |    21 |    38 |    33 ||    92
